 Dungeon Crawl Stone Soup version 0.26-a0-651-gb41185065b (webtiles) character file.

Game seed: 15465818332680269989

135 TigOlBitties the Magician (level 4, 0/24 HPs)
             Began as a Deep Elf Air Elementalist on Sept 28, 2020.
             Slain by a giant cockroach (1 damage)
             ... on level 5 of the Dungeon.
             The game lasted 00:09:15 (3413 turns).

TigOlBitties the Magician (DEAE)                    Turns: 3413, Time: 00:09:15

Health: 0/24       AC:  2    Str:  5    XL:     4   Next: 96%
Magic:  1/12       EV: 13    Int: 21    God:
Gold:   195        SH:  0    Dex: 15    Spells: 6/12 levels left

rFire    . . .     SeeInvis .   n - staff of air
rCold    . . .     Faith    +   (no shield)
rNeg     . . .     Spirit   .   a - +0 robe
rPois    .         Reflect  .   (no helmet)
rElec    +         Harm     .   (no cloak)
rCorr    .         Rampage  .   (no gloves)
MR       .....                  (no boots)
Stlth    ++........             l - amulet of faith
HPRegen  0.08/turn              (no ring)
MPRegen  0.13/turn              (no ring)

@: no status effects
A: no striking features
a: no special abilities


You were on level 5 of the Dungeon.
You visited 1 branch of the dungeon, and saw 4 of its levels.

You collected 195 gold pieces.

Inventory:

Hand Weapons
 k - a +0 quarterstaff of holy wrath
Armour
 a - a +0 robe (worn)
Magical Staves
 n - an uncursed staff of air (weapon)
Jewellery
 l - an amulet of faith (around neck)
Scrolls
 b - a scroll of enchant armour {unknown}
 d - 2 scrolls of identify
 j - a scroll of teleportation {unknown}
 m - a scroll of fear {unknown}
 o - a scroll of remove curse {unknown}
Potions
 c - 2 potions of stabbing
 e - a potion of curing
 f - a potion of degeneration {unknown}
 g - a potion of haste {unknown}
 i - a potion of ambrosia {unknown}


   Skills:
 - Level 2.4 Dodging
 - Level 2.4 Stealth
 + Level 4.7 Spellcasting
 + Level 3.1 Conjurations
 + Level 4.0 Air Magic


You had 6 spell levels left.
You knew the following spells:

 Your Spells              Type           Power        Failure   Level
a - Shock                 Conj/Air       ####         2%          1
b - Swiftness             Air            ####....     3%          2
c - Static Discharge      Conj/Air       ####....     8%          3

Your spell library contained the following spells:

 Spells                   Type           Power        Failure   Level
 Airstrike                Air            ####......   21%         4
 Lightning Bolt           Conj/Air       ####......   56%         5


Dungeon Overview and Level Annotations

Branches:
Dungeon (3/15)             Temple (0/1) D:5

Altars:
Elyvilon
Trog
Wu Jian
Zin

Annotations:
D:5 1 runed translucent door


Message History

The jelly misses you. The adder skeleton bites you.
The giant cockroach bites you. The orc barely misses you.
The jelly closely misses you.
The giant cockroach bites you but does no damage.
The adder skeleton bites you.
* * * LOW HITPOINT WARNING * * *
The giant cockroach barely misses you. The jelly hits you but does no damage.
The orc hits you with a +0 antimagic war axe.
* * * LOW HITPOINT WARNING * * *
The adder skeleton bites you.
* * * LOW HITPOINT WARNING * * *
Found 16 gold pieces.
The giant cockroach closely misses you. The giant cockroach bites you.
* * * LOW HITPOINT WARNING * * *
The giant cockroach closely misses you.
You see here a wand of iceblast (9).
There is a stone staircase leading up here.
The giant cockroach bites you.
You die...

## #.# ..# . #..##..
##....... ##@...$#..
####sJ.......
#.$.Zo.......
#######............
...................
.#####.##............
................!...#
....................#..
...≈≈≈≈≈...........##..


You could see a jelly, an orc, a giant cockroach and an adder skeleton.

Vanquished Creatures
  A centaur skeleton (D:5)
  3 adders (D:2)
  2 oozes
  2 dart slugs (D:2)
  3 giant cockroaches
  9 goblins
  6 hobgoblins
  8 jackals
  A quokka (D:2)
  A ball python zombie (D:5)
  7 bats
  7 frilled lizards
  12 kobolds
  6 rats
68 creatures vanquished.

Notes
Turn   | Place    | Note
-------+----------+-------------------------------------------
     0 | D:1      | TigOlBitties the Deep Elf Air Elementalist began the quest
                  | for the Orb.
     0 | D:1      | Reached XP level 1. HP: 10/10 MP: 6/6
   627 | D:1      | Reached XP level 2. HP: 15/15 MP: 5/8
  1817 | D:2      | Reached XP level 3. HP: 19/19 MP: 7/10
  1821 | D:2      | Learned a level 2 spell: Swiftness
  1825 | D:2      | Learned a level 3 spell: Static Discharge
  2411 | D:2      | Reached XP level 4. HP: 24/24 MP: 9/12
  2618 | D:2      | Found an ornate altar of the Wu Jian Council.
  3183 | D:3      | Found a white marble altar of Elyvilon.
  3238 | D:3      | You fall into a shaft and drop 2 floors!
  3238 | D:5      | Entered Level 5 of the Dungeon
  3238 | D:5      | Found a bloodstained altar of Trog.
  3238 | D:5      | Noticed an eye of draining
  3239 | D:5      | Noticed an eye of draining
  3262 | D:5      | Found a glowing silver altar of Zin.
  3262 | D:5      | Noticed an angel
  3263 | D:5      | Found a runed translucent door.
  3276 | D:5      | HP: 1/24 [ooze (3)]
  3396 | D:5      | Found a staircase to the Ecumenical Temple.
  3411 | D:5      | HP: 1/24 [giant cockroach (1)]
  3413 | D:5      | Slain by a giant cockroach

Illustrated notes

Levels and vault maps discovered:
D:1:      dpeg_arrival_concentric_ovals, layout_basic, kennysheep_boxes
D:2:      minmay_door_path, layout_loops_corners,
          nicolae_overflow_crystal_walls, minmay_fractal_squares_5
D:3:      layout_basic, lemuel_doored_altar, lemuel_crystal_altar,
          lightli_temple_of_fire, minmay_misc_feat_nine_boxes
D:5:      old_forge, layout_rooms, marbit_many_paths, trog_eyes_of_draining,
          temple_pool_b, nicolae_ossuary_entry_plus, lemuel_angel_altar

Skill      XL: |  1  2  3  4 |
---------------+-------------+-----
Conjurations   | 2 3 |  3.1
Spellcasting   | 4 |  4.7
Air Magic      | 4 |  4.0
Dodging        | |  2.4
Stealth        | |  2.4

Action                   |  1- 3 |  4- 6 || total
-------------------------+-------+-------++-------
Melee: Staff             |       |     9 ||     9
 Cast: Shock             |    95 |    42 ||   137
  Use: Potion            |       |     4 ||     4
       Scroll            |       |     1 ||     1
Armor: Robe              |     3 |    16 ||    19
Dodge: Dodged            |    19 |    63 ||    82

Table legend: (Time is in decaauts)
 A = Elapsed time spent in this place.
 B = Non-inter-level travel time spent in this place.
 C = Inter-level travel time spent in this place.
 D = Time resting spent in this place.
 E = Time spent auto-exploring this place.
 F = Levels seen in this place.
 G = Mean time per level.
                   A        B        C        D        E       F      G
               +--------+--------+--------+--------+--------+-----+--------+
         Total |   3429 |   3355 |     74 |    625 |   2258 |   4 |  857.2 |
       Dungeon |   3429 |   3355 |     74 |    625 |   2258 |   4 |  857.2 |
               +--------+--------+--------+--------+--------+-----+--------+

Top non-repeatable levels by time:
     D:1: 1655 daAuts
     D:2: 1460 daAuts
     D:5: 176 daAuts
     D:3: 137 daAuts
